 Dungeon Crawl Stone Soup version 0.17-a0-1840-g87820a2 (webtiles) character file.

1570 Horrz the Skirmisher (level 8, -2/73 HPs)
             Began as a Grey Draconian Abyssal Knight on Sept 16, 2015.
             Was a Priest of Lugonu.
             Succumbed to Horrz's ghost's poison
             ... on level 6 of the Dungeon.
             The game lasted 00:32:19 (6126 turns).

Horrz the Skirmisher (DrAK)                         Turns: 6126, Time: 00:32:19

Health: -2/73      AC: 13    Str: 16 (17) XL:     8   Next: 59%
Magic:  10/10      EV: 20    Int: 13      God:    Lugonu [***...]
Gold:   299        SH:  0    Dex: 15      Spells: 0 memorised, 7 levels left

rFire  . . .     SeeInvis .     a - +1 mace
rCold  . . .     Clarity  .     (armour unavailable)
rNeg   . . .     SustAt   +     (no shield)
rPois  .         Gourm    .     (helmet restricted)
rElec  +         Spirit   .     (no cloak)
rCorr  .         Warding  .     i - +0 pair of gloves
rMut   .         Stasis   .     l - +0 pair of boots
MR     .....                    (no amulet)
Stlth  ++........               (no ring)
                                v - ring of sustain attributes

@: agile, lethally poisoned (-2 -> -48), very slightly contaminated, invisible,
not resistant to hostile enchantments, unstealthy
A: walk through water, unfitting armour, electricity resistance, unbreathing,
cold-blooded, AC +11
a: Depart the Abyss, Bend Space, Banish, Renounce Religion


You were on level 6 of the Dungeon.
You worshipped Lugonu.
Lugonu was most pleased with you.
You were not hungry.

You visited 1 branch of the dungeon, and saw 6 of its levels.
You visited the Abyss 1 time.

You collected 299 gold pieces.

Inventory:

Hand weapons
 a - a +1 mace (weapon)
Armour
 i - a +0 pair of gloves (worn)
 l - a +0 pair of boots (worn)
Jewellery
 r - an uncursed ring of teleportation
 v - a ring of sustain attributes (left hand)
Scrolls
 e - a scroll of blinking {unknown}
 g - a scroll of enchant armour {unknown}
 h - 3 scrolls of remove curse
 n - 3 scrolls of identify
 p - 2 scrolls of fear {unknown}
 t - a scroll of fog {unknown}
 u - a scroll of enchant weapon {unknown}
Potions
 o - a potion of flight
 z - a potion of magic {unknown}
Comestibles
 b - 5 bread rations
 f - a slice of pizza
 j - 3 fruits
 q - 3 meat rations
 x - a beef jerky


   Skills:
 + Level 7.3 Fighting
 + Level 6.4 Maces & Flails
 + Level 6.1 Dodging
 - Level 3.0 Invocations


You had 7 spell levels left.
You didn't know any spells.

Dungeon Overview and Level Annotations

Branches:
Dungeon (6/15)             Temple (0/1) D:6

Altars:
Gozag
Xom
Zin
The Shining One

Annotations:
D:4 Restia's ghost, experienced DsMo
D:6 Horrz's ghost, average CeHu


Innate Abilities, Weirdness & Mutations

You can walk through water.
Your dull iron-grey scales are very hard (AC +11).
Your body does not fit into most forms of armour.
You can survive without breathing.
You are cold-blooded and may be slowed by cold attacks.
You are resistant to electric shocks.


Message History

You are more poisoned.
Drink which item? (? for menu, Esc to quit)
It was a potion of agility.
You feel agile all of a sudden.
* * * LOW HITPOINT WARNING * * *
You feel very sick. Horrz's ghost completely misses you.
Drink which item? (? for menu, Esc to quit)
It was a potion of invisibility.
You fade into invisibility!
* * * LOW HITPOINT WARNING * * *
You feel very sick.
Horrz's ghost hits you but does no damage.
You are more poisoned.
You are very lightly contaminated with residual magic.
Drink which item? (? for menu, Esc to quit)
It was a potion of degeneration.
There was something very wrong with that liquid.
You feel somewhat weakened.
You die...

#.# ######.#
###...##.#
#.....##.#
#...#....#
#_..#.####
#####.###########
#_..#.)......)..#
#...#@#########.#
#...W.# #.#
###...# ...
..#..# .....
.?..##.. .....##
##.# #..# #......
#. #!.. ....### #
#<##. ..... .. ..


You could see Horrz's ghost.

Vanquished Creatures
  A water moccasin (D:5)
  2 ice beasts (D:5)
  A sky beast (D:5)
  An orc warrior (D:6)
  2 ogres
  A centaur (D:5)
  A giant frog (D:6)
  2 wights (D:6)
  3 crimson imps
  A centaur zombie (D:5)
  4 hounds
  A jelly (D:6)
  An orc priest (D:3)
  6 worker ants
  A hound skeleton (D:5)
  4 gnolls (D:3)
  6 adders
  A shadow imp (D:5)
  4 worms
  2 giant geckos
  7 orcs
  5 bats
  8 goblins
  7 hobgoblins
  7 jackals
  3 kobolds (D:1)
  4 quokkas
  4 giant cockroaches
  A giant gecko skeleton (D:6)
  A giant gecko zombie (D:6)
  7 giant newts
  4 rats
103 creatures vanquished.

Notes
Turn   | Place    | Note
--------------------------------------------------------------
     0 | Abyss:1  | Horrz the Draconian Abyssal Knight began the quest for the Orb.
     0 | Abyss:1  | Reached XP level 1. HP: 19/19 MP: 2/2
     0 | Abyss:1  | Found a corrupted altar of Lugonu.
    37 | D:1      | Escaped the Abyss
   310 | D:1      | Reached XP level 2. HP: 20/26 MP: 3/3
   804 | D:2      | Acquired Lugonu's second power
  1015 | D:2      | Reached XP level 3. HP: 20/31 MP: 4/4
  1845 | D:3      | Reached XP level 4. HP: 9/40 MP: 6/6
  2312 | D:3      | Reached skill level 4 in Fighting
  2802 | D:3      | Reached XP level 5. HP: 22/47 MP: 7/7
  3006 | D:3      | Found an opulent altar of Gozag.
  3694 | D:4      | Noticed Restia's ghost (experienced DsMo)
  3702 | D:5      | Entered Level 5 of the Dungeon
  3715 | D:5      | Acquired Lugonu's third power
  3715 | D:5      | Reached XP level 6. HP: 37/53 MP: 8/8
  3831 | D:5      | Noticed an ogre
  3840 | D:5      | Killed an ogre
  3840 | D:5      | Reached skill level 5 in Fighting
  4180 | D:5      | Noticed an ice beast
  4191 | D:5      | Killed an ice beast
  4191 | D:5      | Your scales start taking on a dull iron-grey colour.
  4191 | D:5      | Gained mutation: You can survive without breathing. [Grey Draconian growth]
  4191 | D:5      | Reached XP level 7. HP: 61/61 MP: 9/9
  4266 | D:5      | Noticed a sky beast
  4281 | D:5      | Killed a sky beast
  4417 | D:5      | Noticed a water moccasin
  4439 | D:5      | Killed a water moccasin
  4439 | D:5      | Reached skill level 6 in Fighting
  4439 | D:5      | Reached skill level 5 in Maces & Flails
  4439 | D:5      | Reached skill level 5 in Dodging
  4977 | D:5      | Noticed an ice beast
  5005 | D:5      | Killed an ice beast
  5005 | D:5      | Reached XP level 8. HP: 46/71 MP: 10/10
  5042 | D:5      | Noticed a centaur
  5050 | D:5      | Killed a centaur
  5699 | D:6      | Found a staircase to the Ecumenical Temple.
  5796 | D:6      | Found a glowing silver altar of Zin.
  5796 | D:6      | Found an opulent altar of Gozag.
  5856 | D:6      | Found a glowing golden altar of the Shining One.
  5917 | D:6      | Reached skill level 7 in Fighting
  6093 | D:6      | Found a shimmering altar of Xom.
  6093 | D:6      | Noticed Horrz's ghost (average CeHu)
  6123 | D:6      | Gained mutation: You are resistant to electric shocks. [potion of beneficial mutation]
  6125 | D:6      | HP: 2/73 [poisoned by Horrz's ghost]
  6126 | D:6      | Succumbed to Horrz's ghost's poison

Vault maps used:
D:1:      roderic_crossed_star
D:3:      nicolae_gozag_cash_rules_everything_around_me
D:4:      first_bread
D:6:      grunt_temple_overflow_gold_and_silver, lemuel_blue_sif_altar,
          nicolae_overflow_quartered_altars, temple_hall,
          gup_sewer_entry_bubbles

Action                   |  1- 3 |  4- 6 |  7- 9 || total
-------------------------+-------+-------+-------++-------
Melee: Mace              |   136 |   154 |   224 ||   514
  Use: Scroll            |       |     1 |     4 ||     5
       Potion            |       |       |     7 ||     7
 Stab: Sleeping          |       |     1 |     1 ||     2
  Eat: Chunk             |     2 |     8 |     7 ||    17
